 Dungeon Crawl Stone Soup version 0.17-a0-1646-geb1493d (webtiles) character file.

131 omg the Skirmisher (level 5, -1/46 HPs)
             Began as a Hill Orc Fighter on Aug 11, 2015.
             Slain by a gnoll
             ... wielding a +0 spear
              (2 damage)
             ... on level 3 of the Dungeon.
             The game lasted 00:06:49 (2508 turns).

omg the Skirmisher (Hill Orc Fighter)               Turns: 2508, Time: 00:06:49

Health: -1/46      AC:  7    Str: 25    XL:     5   Next: 14%
Magic:  0/5        EV:  8    Int:  8    God:
Gold:   103        SH: 10    Dex: 10    Spells: 0 memorised, 4 levels left

rFire  . . .     SeeInvis .     a - +0 war axe
rCold  . . .     Clarity  .     b - +0 scale mail
rNeg   . . .     SustAt   .     c - +0 shield
rPois  .         Gourm    .     (no helmet)
rElec  .         Spirit   +     (no cloak)
rCorr  .         Warding  .     (no gloves)
rMut   .         Stasis   .     (no boots)
MR     .....                    m - amulet of guardian spirit
Stlth  ..........               (no ring)
                                (no ring)

@: mighty, not resistant to hostile enchantments, extremely unstealthy
A: no striking features
a: no special abilities


You were on level 3 of the Dungeon.
You were very hungry.

You visited 1 branch of the dungeon, and saw 3 of its levels.

You collected 103 gold pieces.

Inventory:

Hand weapons
 a - a +0 war axe (weapon)
Armour
 b - a +0 scale mail (worn)
 c - a +0 shield (worn)
Jewellery
 m - an amulet of guardian spirit (around neck)
Scrolls
 h - a scroll of random uselessness {unknown}
 i - 2 scrolls of identify {unknown}
 j - a scroll of fog {unknown}
 k - 3 scrolls of teleportation {unknown}
 l - a scroll of magic mapping {unknown}
 n - a scroll of fear {unknown}
 q - a scroll of noise {unknown}
 s - 2 scrolls of remove curse {unknown}
Potions
 d - a potion of might
 f - a potion of mutation {unknown}
 g - a potion of ambrosia {unknown}
 p - a potion of haste {unknown}
 r - a potion of beneficial mutation {unknown}
 u - a potion of curing {unknown}
 v - 2 potions of magic {unknown}
 w - 2 potions of brilliance {unknown}
 x - a potion of cancellation {unknown}
Comestibles
 e - 4 bread rations
 o - 2 chunks of flesh
 t - 5 fruits


   Skills:
 + Level 4.2 Fighting
 + Level 3.9 Axes
 + Level 4.0 Armour
 + Level 1.2 Dodging
 + Level 4.2 Shields


You had 4 spell levels left.
You didn't know any spells.

Dungeon Overview and Level Annotations

Branches:
Dungeon (3/15)

Altars:
Makhleb


Message History

You block the gnoll's attack.
You see here 2 blue potions.
The gnoll hits you with a halberd!
* * * LOW HITPOINT WARNING * * *
You slice the gnoll!!
You kill the gnoll!
You block the gnoll's attack. x2
You block the gnoll's attack. x2
Things that are here:
a halberd; a gnoll corpse The gnoll hits you but does no damage.
You see here 2 blue potions.
The gnoll hits you with a spear.
* * * LOW HITPOINT WARNING * * *
The gnoll hits you but does no damage.
The gnoll hits you from afar with a spear!
* * * LOW HITPOINT WARNING * * *
The gnoll completely misses you.
The gnoll hits you from afar with a spear.
You die...

######### # ## ##. ##.. #.# #...
#.######### #.#.
#....@....#########.##
####.........#......##.##
#########........gg..#...........
.................g...#...........
..####.####..........#...........
.(##.....##..).!.....#...........
#.#.......#..#########...........
..#.......#.##### #...........
......_......##.# ####'##.....


You could see 3 gnolls.

Vanquished Creatures
  An orc priest (D:3)
  3 adders
  A gnoll (D:3)
  2 worms (D:2)
  A giant gecko (D:3)
  7 orcs (D:3)
  3 bats
  4 giant cockroaches
  11 hobgoblins
  2 ball pythons
  4 giant newts
  5 goblins
  5 kobolds
  4 rats
53 creatures vanquished.

Notes
Turn   | Place    | Note
--------------------------------------------------------------
     0 | D:1      | omg the Hill Orc Fighter began the quest for the Orb.
     0 | D:1      | Reached XP level 1. HP: 19/19 MP: 1/1
    79 | D:1      | Reached XP level 2. HP: 24/26 MP: 2/2
   896 | D:2      | Reached XP level 3. HP: 25/33 MP: 0/3
  1055 | D:2      | Reached skill level 4 in Shields
  1546 | D:2      | Reached XP level 4. HP: 40/40 MP: 4/4
  1866 | D:3      | Reached skill level 1 in Dodging
  2213 | D:3      | Found a burning altar of Makhleb.
  2359 | D:3      | Reached XP level 5. HP: 44/46 MP: 5/5
  2507 | D:3      | HP: 1/46 [gnoll/spear (6)]
  2508 | D:3      | Slain by a gnoll

Vault maps used:
D:1:      minmay_arrival_up_and_down
D:3:      kennysheep_big_flooded_room, old_standard_altar

Action                   |  1- 3 |  4- 6 || total
-------------------------+-------+-------++-------
Melee: War axe           |   123 |    71 ||   194
  Use: Potion            |       |     1 ||     1
  Eat: Chunk             |     1 |     3 ||     4
